 Dungeon Crawl Stone Soup version 0.25-a0-1133-g93ebf739aa (webtiles) character file.

Game seed: 6463766497131835829, levelgen mode: deterministic

865 Hastur the Skirmisher (level 7, -1/59 HPs)
             Began as a Demonspawn Artificer on May 21, 2020.
             Was an Initiate of Fedhas.
             Splashed by a jelly's acid (9 damage)
             ... on level 5 of the Dungeon.
             The game lasted 00:15:05 (5979 turns).

Hastur the Skirmisher (Demonspawn Artificer)        Turns: 5979, Time: 00:15:06

Health: -1/59      AC:  2    Str: 12    XL:     7   Next: 72%
Magic:  9/9        EV: 15    Int: 13    God:    Fedhas [......]
Gold:   350        SH:  7    Dex: 15    Spells: 6/6 levels left

rFire    . . .     SeeInvis .   a - +0 short sword
rCold    . . .     Gourm    .   p - +2 buckler
rNeg     . . .     Faith    .   D - +0 ring mail
rPois    .         Spirit   .   (no helmet)
rElec    .         Reflect  .   (no cloak)
rCorr    .         Harm     .   k - +0 pair of gloves
MR       .....                  (no boots)
Stlth    ++........             (no amulet)
HPRegen  0.19/turn              (no ring)
MPRegen  0.11/turn              (no ring)

@: corroded, repel missiles
A: repulsion field 3, demonic guardian 1
a: Renounce Religion


You were on level 5 of the Dungeon.
You worshipped Fedhas.
Fedhas was noncommittal.
You were not hungry.

You visited 2 branches of the dungeon, and saw 6 of its levels.

You collected 350 gold pieces.

Inventory:

Hand Weapons
 a - a +0 short sword (weapon)
 z - a +0 falchion
Missiles
 i - 79 sling bullets
 l - 6 javelins
 o - 30 poisoned darts (quivered)
 q - 49 stones
Armour
 k - a +0 pair of gloves (worn)
 p - a +2 buckler (worn)
 D - a +0 ring mail (worn)
Jewellery
 h - a +4 ring of evasion {unknown}
Wands
 c - a wand of flame (6)
 d - a wand of enslavement (14)
 e - a wand of random effects (15)
Scrolls
 j - 10 scrolls of identify {unknown}
 m - a scroll of amnesia {unknown}
 n - a scroll of immolation {unknown}
 r - a scroll of enchant weapon {unknown}
 u - 2 scrolls of teleportation {unknown}
 y - a scroll of fear {unknown}
 C - 2 scrolls of enchant armour {unknown}
Potions
 b - a potion of resistance
 g - 3 potions of curing {unknown}
 s - a potion of might {unknown}
 t - a potion of degeneration {unknown}
 v - a potion of lignification {unknown}
 w - 2 potions of flight {unknown}
 x - 2 potions of heal wounds {unknown}
 A - 2 potions of haste {unknown}
Comestibles
 f - 14 rations
 B - 2 chunks of flesh


   Skills:
 + Level 6.5 Fighting
 - Level 0.8 Short Blades
 - Level 1.7 Dodging
 - Level 3.0 Stealth
 - Level 4.0 Shields
 + Level 3.6 Evocations


You had 6 spell levels left.
You didn't know any spells.
Your spell library was empty.

Dungeon Overview and Level Annotations

Branches:
Dungeon (5/15)             Temple (1/1) D:5

Altars:
Ashenzari
Cheibriados
Dithmenos
Elyvilon
Fedhas
Gozag
Hepliaklqana
Kikubaaqudgha
Makhleb
Nemelex Xobeh
Okawaru
Qazlal
Ru
Sif Muna
Trog
Uskayaw
Vehumet
Wu Jian
Xom
Yredelemnul
Zin
The Shining One

Annotations:
D:5 exclusion: ogre


Innate Abilities, Weirdness & Mutations

You are surrounded by a strong repulsion field. (EV +4, RMsl)
A weak demonic guardian rushes to your aid.


Message History

You hit the jelly but do no damage.
Your hands burn!
The jelly is severely wounded.
You block the jelly's attack.
You hit the jelly but do no damage.
Your hands burn!
* * * LOW HITPOINT WARNING * * *
The jelly is severely wounded.
The jelly hits you but does no damage. You block the jelly's attack.
You hit the jelly.
Your hands burn!
* * * LOW HITPOINT WARNING * * *
The jelly is almost dead.
The jelly closely misses you.
You hit the jelly but do no damage.
Your hands burn!
* * * LOW HITPOINT WARNING * * *
The jelly is almost dead.
The jelly jiggles.
The jelly hits you.
* * * LOW HITPOINT WARNING * * *
You are splashed with acid!
You die...
Fedhas appreciates your contribution to the ecosystem.

##........###.#####
#.........#........
#.........#........
#.........#........
#.........#........
#.%.......#........
#.........#........
#.........#........
#.@.......#........
#J###.###########..
#. #...........#..
#. ###########.#..
#. ........... ##
###########
#........ #...#####
#.⌠.# #..


You could see a jelly.

Vanquished Creatures
  A centaur (D:4)
  A howler monkey (D:1)
  A centaur skeleton (D:5)
  2 hounds (D:4)
  An orc priest (D:5)
  An orc wizard (D:5)
  A bullfrog skeleton (D:4)
  An iguana (D:4)
  3 worker ants
  4 gnolls (D:2)
  4 adders
  2 oozes (D:1)
  2 adder skeletons
  2 worms
  2 dart slugs (D:4)
  2 leopard geckos (D:3)
  14 orcs
  4 giant cockroaches
  9 goblins
  4 hobgoblins
  6 jackals
  A quokka (D:4)
  4 bats
  6 frilled lizards
  A kobold (D:2)
  A quokka skeleton (D:4)
  12 rats
92 creatures vanquished.

Vanquished Creatures (collateral kills)
  Sigmund (D:3)
  An ice beast (D:5)
  A sky beast (D:5)
  A necrophage (D:5)
  A scorpion (D:4)
  An orc (D:5)
  A frilled lizard (D:4)
7 creatures vanquished.

Grand Total: 99 creatures vanquished

Notes
Turn   | Place    | Note
-------+----------+-------------------------------------------
     0 | D:1      | Hastur the Demonspawn Artificer began the quest for the
                  | Orb.
     0 | D:1      | Reached XP level 1. HP: 15/15 MP: 3/3
     4 | D:1      | Noticed an elephant
    18 | D:1      | Reached skill level 1 in Stealth
   228 | D:1      | Gained mutation: You are surrounded by a mild repulsion
                  | field. (EV +2) [demonic ancestry]
   228 | D:1      | Reached XP level 2. HP: 20/21 MP: 4/4
   502 | D:1      | Reached skill level 2 in Fighting
   594 | D:1      | Noticed an anaconda
   614 | D:2      | Noticed a howler monkey
   631 | D:1      | Gained mutation: A weak demonic guardian rushes to your
                  | aid. [demonic ancestry]
   631 | D:1      | Reached XP level 3. HP: 4/28 MP: 5/5
  1061 | D:2      | Reached XP level 4. HP: 34/34 MP: 6/6
  1279 | D:2      | Reached skill level 3 in Fighting
  1592 | D:2      | Reached skill level 1 in Shields
  1956 | D:2      | Reached XP level 5. HP: 41/41 MP: 7/7
  2684 | D:3      | Noticed Sigmund
  2695 | D:3      | Killed Sigmund
  2695 | D:3      | Reached skill level 4 in Fighting
  3074 | D:3      | Found a burning altar of Makhleb.
  3468 | D:4      | Gained mutation: You are surrounded by a moderate repulsion
                  | field. (EV +3) [demonic ancestry]
  3468 | D:4      | Reached XP level 6. HP: 49/49 MP: 8/8
  3937 | D:4      | Reached skill level 5 in Fighting
  4281 | D:4      | Gained mutation: You are surrounded by a strong repulsion
                  | field. (EV +4, RMsl) [demonic ancestry]
  4281 | D:4      | Reached XP level 7. HP: 47/56 MP: 9/9
  4557 | D:5      | Entered Level 5 of the Dungeon
  5036 | D:5      | Reached skill level 6 in Fighting
  5382 | D:5      | Found an opulent altar of Gozag.
  5681 | D:5      | Found a staircase to the Ecumenical Temple.
  5697 | Temple   | Entered the Ecumenical Temple
  5774 | Temple   | Became a worshipper of Fedhas Madash
  5979 | D:5      | Splashed by a jelly's acid

Illustrated notes

Levels and vault maps discovered:
D:1:      sevenhm_arrival_forest_fort_small_2, layout_basic
D:2:      layout_basic, minmay_rat_gold_closets
D:3:      layout_loops_ring, lightli_temple_of_fire, minmay_ruptured,
          uniq_sigmund
D:4:      layout_rooms, first_ration
D:5:      layout_basic, minmay_temple_entry_junction, nicolae_gozag_seed_capital
Temple:   dpeg_three_leaves_temple

Skill      XL: |  1  2  3  4  5  6  7 |
---------------+----------------------+-----
Stealth        | 1 2 3 |  3.0
Fighting       | 2 3 4 5 6 |  6.5
Shields        | 1 2 3 4 |  4.0
Short Blades   | |  0.8
Dodging        | |  1.7
Evocations     | |  3.6

Action                   |  1- 3 |  4- 6 |  7- 9 || total
-------------------------+-------+-------+-------++-------
Melee: Short sword       |    67 |   223 |   115 ||   405
Throw: Javelin           |     6 |    14 |       ||    20
       Dart              |       |    28 |    30 ||    58
Evoke: Wand              |    10 |       |       ||    10
 Stab: Sleeping          |     1 |     6 |     1 ||     8
       Distracted        |       |     1 |       ||     1
  Eat: Chunk             |       |    11 |     5 ||    16
Armor: Leather armour    |    16 |    33 |    14 ||    63
       Ring mail         |       |       |     6 ||     6
Dodge: Dodged            |    41 |   176 |    69 ||   286
Block: Buckler           |       |       |    20 ||    20

Table legend:
 A = Non-vault XP
 B = Vault XP
 C = Vault XP percentage of total XP
 D = Non-vault monster count
 E = Vault monster count
 F = Vault count percentage of total count
                 A         B        C        D         E       F
            +---------+---------+-------+---------+---------+-------
      Total |    1096 |     140 |  11.3 |      89 |      10 |  10.1
            +---------+---------+-------+---------+---------+-------
        D:1 |      85 |       0 |   0.0 |      13 |       0 |   0.0
        D:2 |     104 |       8 |   7.1 |      24 |       8 |  25.0
        D:3 |      45 |     132 |  74.6 |      11 |       2 |  15.4
        D:4 |     390 |       0 |   0.0 |      24 |       0 |   0.0
        D:5 |     472 |       0 |   0.0 |      17 |       0 |   0.0
            +---------+---------+-------+---------+---------+-------
